 Dungeon Crawl Stone Soup version 0.18.1-48-g4cf74bf (webtiles) character file.

3032 Krapule the Blocker (level 10, -2/78 (79) HPs)
             Began as a Formicid Fighter on Aug 11, 2016.
             Was a Believer of Cheibriados.
             Slain by a wyvern skeleton (12 damage)
             ... on level 8 of the Dungeon.
             The game lasted 00:25:52 (7058 turns).

Krapule the Blocker (Formicid Fighter)              Turns: 7058, Time: 00:25:53

HP:   -2/78 (79)    AC:  9    Str: 37    XL:     10   Next: 10%
MP:   11/11         EV: 12    Int: 11    God:    Cheibriados [**....]
Gold: 310           SH:  0    Dex: 14    Spells: 0 memorised, 9 levels left

rFire  . . .     SeeInvis +     a - +0 quarterstaff
rCold  . . .     Gourm    .     b - +0 scale mail
rNeg   . . .     Faith    .     c - +0 shield
rPois  .         Spirit   .     (helmet unavailable)
rElec  .         Dismiss  .     (no cloak)
rCorr  .         Reflect  .     h - +0 pair of gloves
SustAt .         Harm     .     (no boots)
MR     +....                    (no amulet)
Stlth  ..........               u - +2 ring of strength
                                I - +6 ring of strength

@: confused, very slow, somewhat resistant to hostile enchantments, extremely
unstealthy
A: permanent stasis, dig shafts and tunnels, four strong arms, antennae 3
a: Dig, Shaft Self, Bend Time, Renounce Religion


You were on level 8 of the Dungeon.
You worshipped Cheibriados.
Cheibriados was pleased with you.
You were not hungry.

You visited 2 branches of the dungeon, and saw 9 of its levels.

You collected 310 gold pieces.

Inventory:

Hand Weapons
 a - a +0 quarterstaff (weapon)
Armour
 b - a +0 scale mail (worn)
 c - a +0 shield (worn)
 h - a +0 pair of gloves (worn)
Jewellery
 s - an uncursed ring of positive energy
 u - a +2 ring of strength (right hand)
 I - a +6 ring of strength (left hand)
Wands
 o - a wand of acid (8/15)
 x - a wand of iceblast (5/15)
Scrolls
 g - 3 scrolls of noise {unknown}
 i - a scroll of identify
 m - 5 scrolls of enchant weapon {unknown}
 p - 2 scrolls of immolation {unknown}
 t - a scroll of random uselessness {unknown}
 v - a scroll of amnesia {unknown}
 w - 3 scrolls of teleportation {unknown}
 y - a scroll of recharging {unknown}
 A - a scroll of torment {unknown}
 D - 2 scrolls of brand weapon {unknown}
 E - 4 scrolls of enchant armour {unknown}
 G - a scroll of fog {unknown}
Potions
 d - a potion of might
 e - a potion of cancellation
 k - a potion of invisibility
 q - a potion of cure mutation {unknown}
 r - a potion of degeneration {unknown}
 C - 2 potions of mutation
 F - a potion of curing
Books
 J - a book of Frost

   Spells                             Type                      Level
   a - Freeze                         Ice                          1
   b - Throw Frost                    Conjuration/Ice              2
   c - Ozocubu's Armour               Charms/Ice                   3
   d - Throw Icicle                   Conjuration/Ice              4
   e - Summon Ice Beast               Ice/Summoning                4
Comestibles
 f - 6 bread rations
 j - 4 beef jerkies
 l - 3 meat rations
 n - 7 fruits
 B - a slice of pizza


   Skills:
 * Level 7.3 Fighting
 + Level 4.8 Staves
 * Level 7.7 Armour
 + Level 3.8 Dodging
 + Level 5.4 Stealth
 * Level 8.2 Shields
 + Level 2.6 Invocations


You had 9 spell levels left.
You didn't know any spells.

Dungeon Overview and Level Annotations

Branches:
Dungeon (8/15)             Temple (1/1) D:6
   Lair: D:8-11

Altars:
Cheibriados
Elyvilon
Fedhas
Gozag
Kikubaaqudgha
Nemelex Xobeh
Okawaru
Pakellas
Qazlal
Ru
Trog
Vehumet
Xom
Yredelemnul
Zin
The Shining One

Annotations:
D:3 junkhipster's ghost, amateur GrFi
D:8 Grum


Innate Abilities, Weirdness & Mutations

You are under a permanent stasis effect.
You can dig through walls and to a lower floor.
Your four strong arms can wield two-handed weapons with a shield.
You have a pair of large antennae on your head (SInv).


Message History

Grum sniffs the air and quickly glances around.
The wyvern skeleton bites you!
* * * LOW HITPOINT WARNING * * *
You block the wolf's attack. You block the wolf's attack.
The wyvern skeleton barely misses you. You block the wolf's attack.
The orc hits you but does no damage. The wolf misses you.
The wyvern skeleton barely misses you. You block the wolf's attack.
You block Grum's attack.
There is a stone staircase leading up here.
Drink which item? (? for menu, Esc to quit)
You are confused.
You feel invigorated. The wolf bites you.
* * * LOW HITPOINT WARNING * * *
The wyvern skeleton barely misses you. The orc hits you but does no damage.
The wolf bites you but does no damage. Grum misses you.
The wyvern skeleton bites you.
* * * LOW HITPOINT WARNING * * *
You're too confused to move!
The wolf bites you but does no damage. The wyvern skeleton bites you!
You die...

# .#.#........ ##.
#.#........ #..
..##.####.. # #.####.#
#.# #.. #.
#.##...##..# ##. #..
##.##.###).# .....
#...
#........)###.....
#...#.o....$........>.
#..@hg......##.#....
#..#.Z.>.....# #....
#.. #..#...#.## .....
... ...##.....# #....
#..#....##$......
##............#...
..###..#.#....## ##
..##.#.#...


You could see Grum, a wolf, an orc and a wyvern skeleton.

Vanquished Creatures
  A spriggan (D:7)
  An ice beast (D:5)
  A water moccasin (D:7)
  An orc warrior (D:8)
  2 phantoms
  2 necrophages
  5 ogres
  A centaur (D:6)
  2 wolves (D:7)
  3 giant frogs (D:6)
  A water moccasin zombie (D:7)
  2 scorpions
  A jelly (D:5)
  4 howler monkeys
  4 crimson imps
  A giant frog zombie (D:6)
  5 hounds
  6 orc priests
  A centaur skeleton (D:7)
  A gnoll shaman (D:5)
  An iguana (D:5)
  4 orc wizards
  2 worker ants (D:4)
  9 gnolls
  6 adders
  2 shadow imps (D:7)
  2 adder skeletons
  3 worms
  3 dart slugs
  7 giant geckos
  15 orcs
  2 ball pythons
  14 bats
  3 giant cockroaches
  3 goblins
  7 hobgoblins
  12 jackals
  6 kobolds
  A quokka (D:3)
  2 giant gecko skeletons
  3 giant newts
  7 rats
  A fungus (D:4)
160 creatures vanquished.

Notes
Turn   | Place    | Note
--------------------------------------------------------------
     0 | D:1      | Krapule the Formicid Fighter began the quest for the Orb.
     0 | D:1      | Reached XP level 1. HP: 18/18 MP: 1/1
    58 | D:1      | Reached XP level 2. HP: 9/24 MP: 2/2
    82 | D:1      | HP: 1/24 [jackal (1)]
   461 | D:1      | Reached XP level 3. HP: 29/29 MP: 3/3
   610 | D:1      | Reached skill level 4 in Shields
  1020 | D:2      | Found a glowing silver altar of Zin.
  1120 | D:2      | Reached XP level 4. HP: 35/37 MP: 4/4
  1129 | D:2      | Reached skill level 1 in Dodging
  1141 | D:2      | Found a faded altar to an unknown god.
  1194 | D:2      | Noticed an angel
  1195 | D:2      | Found a shimmering altar of Xom.
  1199 | D:2      | Found an iron altar of Okawaru.
  1467 | D:3      | Noticed junkhipster's ghost (amateur GrFi)
  1738 | D:3      | Reached skill level 1 in Stealth
  1769 | D:3      | Found a glowing golden altar of the Shining One.
  1769 | D:3      | Found an opulent altar of Gozag.
  1771 | D:3      | Found a radiant altar of Vehumet.
  2189 | D:4      | Found a blossoming altar of Fedhas.
  2252 | D:4      | Reached XP level 5. HP: 42/42 MP: 5/5
  2288 | D:4      | Noticed an ogre
  2305 | D:4      | Killed an ogre
  2305 | D:4      | Reached XP level 6. HP: 48/48 MP: 6/6
  2474 | D:4      | Noticed a phantom
  2492 | D:4      | Killed a phantom
  2492 | D:4      | Reached skill level 5 in Shields
  2550 | D:4      | Found a blossoming altar of Fedhas.
  2550 | D:4      | Found a white marble altar of Elyvilon.
  2720 | D:4      | Reached XP level 7. HP: 55/55 MP: 7/7
  3081 | D:5      | Entered Level 5 of the Dungeon
  3552 | D:5      | Reached skill level 5 in Fighting
  3560 | D:5      | Reached skill level 5 in Armour
  3796 | D:5      | Reached XP level 8. HP: 30/62 MP: 8/8
  4133 | D:5      | Reached skill level 6 in Shields
  5045 | D:6      | You fall through a shaft!
  5212 | D:6      | Reached XP level 9. HP: 60/69 MP: 9/9
  5302 | D:6      | Found Baetuyvy's Antique Armour Shoppe.
  5336 | D:6      | Reached skill level 7 in Shields
  5383 | D:6      | Found a staircase to the Ecumenical Temple.
  5396 | Temple   | Entered the Ecumenical Temple
  5413 | Temple   | Became a worshipper of Cheibriados the Contemplative
  6014 | D:7      | Reached * piety under Cheibriados
  6022 | D:7      | Reached skill level 1 in Invocations
  6077 | D:7      | Found a stormy altar of Qazlal.
  6145 | D:7      | Reached skill level 5 in Stealth
  6490 | D:8      | Noticed Grum
  6894 | D:7      | Reached skill level 8 in Shields
  6894 | D:7      | Reached XP level 10. HP: 73/78 MP: 11/11
  6942 | D:7      | Reached ** piety under Cheibriados
  7058 | D:8      | Slain by a wyvern skeleton

Skill      XL: |  1  2  3  4  5  6  7  8  9 |
---------------+----------------------------+-----
Shields        | 4 5 6 8 |  8.2
Dodging        | 1 2 3 |  3.8
Stealth        | 1 2 3 4 5 |  5.4
Armour         | 4 5 6 7 |  7.7
Fighting       | 4 5 6 7 |  7.3
Staves         | 3 4 |  4.8
Invocations    | 2 |  2.6

Action                   |  1- 3 |  4- 6 |  7- 9 | 10-12 || total
-------------------------+-------+-------+-------+-------++-------
Melee: Quarterstaff      |   127 |   123 |   431 |    31 ||   712
  Use: Scroll            |       |       |     5 |       ||     5
       Potion            |       |       |       |     1 ||     1
 Stab: Sleeping          |       |       |     1 |       ||     1
  Eat: Chunk             |       |     6 |    13 |       ||    19
Armor: Scale mail        |   116 |    40 |   132 |     7 ||   295
Dodge: Dodged            |    86 |    39 |   149 |    19 ||   293
Block: Shield            |    96 |    73 |   263 |    41 ||   473
